 Dungeon Crawl Stone Soup version 0.31-a0-854-g362426d53f (webtiles) character file.

Game seed: 9444279274296350124

2 Azuregosa the Ruffian (level 1, 6/9 HPs)
             Began as a Hill Orc Shapeshifter on Oct 8, 2023.
             Quit the game on level 1 of the Dungeon.
             The game lasted 00:01:11 (235 turns).

Azuregosa the Ruffian (Hill Orc Shapeshifter)        Turns: 235, Time: 00:01:11

Health: 6/9        AC:  2    Str: 16    XL:     1   Next: 40%
Magic:  1/1        EV: 11    Int: 10    God:
Gold:   8          SH:  0    Dex: 10    Spells: 0/0 levels left

rFire   . .          .
                       - Unarmed
rCold   . . .        (shield currently unavailable)
rNeg    . . .        a - +0 animal skin
rPois   .            (no helmet)
rElec   .            (no cloak)
rCorr   .            (no gloves)
SInv    .            (no boots)
Will    .....        (no amulet)
Stlth   +            (no ring)
HPRegen 0.21/turn    (no ring)
MPRegen 0.07/turn

%: no passive effects
@: flux-form, glowing
A: glow, contaminating, reduced hp
a: Begin Untransformation


You were on level 1 of the Dungeon.
You were something dangerously unstable.
You visited 1 branch of the dungeon, and saw 2 of its levels.

You collected 8 gold pieces.

Inventory:

Armour
 a - a +0 animal skin (worn)
Talismans
 c - a beast talisman
 d - a flux talisman (active)
Scrolls
 e - a scroll of identify {unknown}
Potions
 b - a potion of lignification
 f - a potion of ambrosia {unknown}


   Skills:
 - Level 1.2 Fighting
 - Level 1.5 Dodging
 - Level 3.2 Unarmed Combat
 + Level 2.8 Shapeshifting


You couldn't memorise any spells.
You didn't know any spells.
Your spell library was empty.

Dungeon Overview and Level Annotations

Branches:
Dungeon (2/15)

Altars:


Message History

You barely miss the goblin. The goblin hits you with a +0 club.
* * * LOW HITPOINT WARNING * * *
You hit the goblin.
You kill the goblin!
You see here a +0 club.
Found a flux talisman.
Found a scroll labelled BONNEO FURU.
You see here a flux talisman.
e - a scroll labelled BONNEO FURU
Found a stone staircase leading down.
f - a murky pink potion A ball python comes into view.
The ball python hisses angrily.
The ball python bites you but does no damage.
The ball python grabs you. The ball python constricts you.
The ball python closely misses you. The ball python constricts you.
There is a stone staircase leading down here.
You hit the ball python.
The ball python begins to glow.
The ball python is severely wounded.
The ball python bites you but does no damage.
The ball python constricts you.
You barely miss the ball python.
The ball python is moderately wounded.
The ball python completely misses you. The ball python constricts you.
You hit the ball python but do no damage.
The ball python glows dangerously bright.
The ball python is moderately wounded.
The ball python closely misses you. The ball python constricts you.
You barely miss the ball python.
The ball python is moderately wounded.
The ball python bites you. The ball python constricts you.
You hit the ball python.
You kill the ball python!
There is a stone staircase leading down here.
You climb downwards.
Found a bubbling silvery potion.
There is a stone staircase leading up here.
You climb upwards.
There is a stone staircase leading down here.
Are you sure you want to abandon this character and quit the game? (Confirm with "yes".)

### ### ### ...
..# #.. #.# #.#
##.# ♣.♣ #.#
#..####♣♣.♣♣###.##
#..##............%
#.....#♣♣.♣♣###...
#p##.## ♣.♣ #.##
#.##.# #.# #.#
#.......# #.# #.#
#.............
...#
♣P♣.#.##.##...#
#### ♣. ..#.##.#
.## #.. ♣.
...#.##.. .. ##..
. .♣♣ ... . #...
P♣ ### .. ###.#.


There were no monsters in sight!

Vanquished Creatures
  A goblin (D:1)
  A ball python (D:1)
  A bat (D:1)
3 creatures vanquished.

Notes
Turn   | Place    | Note
-------+----------+-------------------------------------------
     0 | D:1      | Azuregosa the Hill Orc Shapeshifter began the quest for the
                  | Orb.
     0 | D:1      | Reached XP level 1. HP: 16/16 MP: 1/1
   235 | D:1      | Quit the game

Illustrated notes

Levels and vault maps discovered:
D:1:      dpeg_arrival_arbitrary_b, layout_loops_ring, serial_forest,
          infiniplex_forest_straight_2, infiniplex_forest_straight_5,
          infiniplex_forest_straight_2, infiniplex_forest_clump_curved,
          infiniplex_forest_diagonal, infiniplex_forest_end_3,
          infiniplex_forest_clump_curved, infiniplex_forest_pool,
          infiniplex_forest_clump_long, infiniplex_forest_corner_1,
          dreamdust_ecumenical_altar_drowned_temple, minmay_tree_intersection
D:2:      layout_loops_ring, basic_altar

Action                     || total
---------------------------++-------
  Melee: Unarmed           ||    12
 Armour: Animal skin       ||     9
  Dodge: Dodged            ||     9
   Form: Flux              ||     1

Table legend: (Time is in decaauts)
 A = Elapsed time spent in this place.
 B = Non-inter-level travel time spent in this place.
 C = Inter-level travel time spent in this place.
 D = Time resting spent in this place.
 E = Time spent auto-exploring this place.
 F = Levels seen in this place.
 G = Mean time per level.
                   A        B        C        D        E       F      G
               +--------+--------+--------+--------+--------+-----+--------+
         Total |    234 |    234 |      0 |      0 |    180 |   2 |  117.0 |
       Dungeon |    234 |    234 |      0 |      0 |    180 |   2 |  117.0 |
               +--------+--------+--------+--------+--------+-----+--------+

Top non-repeatable levels by time:
     D:1: 232 daAuts
     D:2: 1 daAuts
